 Dungeon Crawl Stone Soup version 0.28.0-45-g0d030f2227 (webtiles) character file.

Game seed: 4133893266571410073

204292 Zeld the Earth Mage (level 18, -3/117 HPs)
             Began as a Gargoyle Earth Elementalist on Apr 24, 2022.
             Was the Champion of Vehumet.
             Killed by divine providence
             ... invoked by a meliai
              (16 damage)
             ... on level 3 of the Spider Nest on Apr 25, 2022.
             The game lasted 01:27:48 (65710 turns).

Zeld the Earth Mage (Gargoyle Earth Elementalist)  Turns: 65710, Time: 01:27:48

Health: -3/117     AC: 31    Str: 11 (12) XL:     18   Next: 64%
Magic:  3/34       EV: 14    Int: 24      God:    Vehumet [******]
Gold:   900        SH:  5    Dex: 10      Spells: 12/41 levels left

rFire   . . .      SeeInvis +   a - +4 morningstar (venom)
rCold   . . .      Faith    .   (no shield)
rNeg    + . .      Spirit   .   d - +1 robe of Vines {NoPotionHeal Regen++++}
rPois   ∞          Reflect  +   b - +2 helmet {SInv}
rElec   +          Harm     .   D - +2 cloak
rCorr   .          Rampage  .   A - +2 pair of gloves
Will    +....                   s - +2 pair of boots
Stlth   +++++.....              k - amulet of reflection
HPRegen 3.49/turn               (no ring)
MPRegen 0.24/turn               (no ring)

@: flying
A: sickness immunity, AC +13, big wings, negative energy resistance 1,
electricity resistance, torment resistance 1, petrification resistance
}: 1/15 runes: barnacled
a: Renounce Religion


You were on level 3 of the Spider Nest.
You worshipped Vehumet.
Vehumet was exalted by your worship.
You visited 6 branches of the dungeon, and saw 31 of its levels.
You also visited: Sewer, Gauntlet and Volcano.

You collected 3720 gold pieces.
You spent 2820 gold pieces at shops.

Inventory:

Hand Weapons
 a - a +4 morningstar of venom (weapon)
Missiles
 c - 778 stones
Armour
 b - a +2 helmet of see invisible (worn)
 d - the +1 robe of Vines (worn) {NoPotionHeal Regen++++}
   (You found it on level 11 of the Dungeon)

   Its wearer cannot be healed by potions.
   Regen:     It increases your rate of health regeneration.
 s - a +2 pair of boots (worn)
 A - a +2 pair of gloves (worn)
 D - a +2 cloak (worn)
Jewellery
 k - an amulet of reflection (around neck)
 x - a ring of protection from fire
 C - a ring of protection from cold
Wands
 e - a wand of mindburst (13)
 y - a wand of flame (135)
 z - a wand of digging (14)
 B - a wand of polymorph (20)
 F - a wand of iceblast (5)
 G - a wand of paralysis (14)
 K - a wand of charming (17)
Scrolls
 j - 3 scrolls of enchant armour
 l - 2 scrolls of fear
 t - 7 scrolls of amnesia
 u - 11 scrolls of identify
 E - a scroll of holy word
 J - 6 scrolls of teleportation
 N - 3 scrolls of enchant weapon
 O - a scroll of silence
Potions
 f - 10 potions of curing
 g - 5 potions of haste
 h - 10 potions of flight
 m - 5 potions of cancellation
 n - 12 potions of heal wounds
 p - 6 potions of brilliance
 q - 2 potions of mutation
 r - 2 potions of berserk rage
 v - 6 potions of might
 w - 2 potions of resistance
 M - 2 potions of magic
 P - a potion of invisibility
 Q - a potion of ambrosia {unknown}
Miscellaneous
 i - a phantom mirror
 o - a piece from Xom's chessboard (15/15)
 H - a condenser vane
 I - a box of beasts
 L - a lightning rod (4/4)


   Skills:
 * Level 14.3 Fighting
 * Level 13.1 Maces & Flails
 - Level 10.0 Armour
 + Level 8.1 Dodging
 + Level 11.6 Stealth
 * Level 12.4 Spellcasting
 - Level 10.0 Conjurations
 - Level 1.0 Transmutations
 * Level 15.3 Earth Magic
 * Level 11.4 Evocations


You had 12 spell levels left.
You knew the following spells:

 Your Spells              Type           Power      Damage    Failure   Level
a - Sandblast             Erth           100%       2d20      0%          1
b - Passwall              Tmut/Erth      43%        N/A       1%          2
c - Stone Arrow           Conj/Erth      100%       3d13      1%          3
d - Petrify               Tmut/Erth      52%        N/A       1%          4
e - Lee's Rapid Deconstr  Erth           36%        3d19*     1%          5
f - Iron Shot             Conj/Erth      33%        9d7       1%          6
g - Lehudib's Crystal Sp  Conj/Erth      33%        10d8      36%         8

Your spell library contained the following spells:

 Spells                   Type           Power      Damage    Failure   Level
 Eringya's Noxious Bog    Tmut/Pois      8%         N/A       75%         6
 Shock                    Conj/Air       100%       1d9       1%          1
 Fulminant Prism          Conj/Hex       19%        3d11      1%          4
 Leda's Liquefaction      Hex/Erth       25%        N/A       1%          4
 Animate Skeleton         Necr           28%        N/A       4%          1
 Pain                     Necr           56%        1d6       4%          1
 Borgnjor's Vile Clutch   Necr/Erth      25%        N/A       4%          5
 Airstrike                Air            7%         N/A       11%         4
 Call Canine Familiar     Summ           14%        N/A       12%         3
 Confusing Touch          Hex            14%        N/A       12%         3
 Portal Projectile        Hex/Tloc       28%        N/A       12%         3
 Swiftness                Air            14%        N/A       12%         3
 Tukima's Dance           Hex            14%        N/A       12%         3
 Vampiric Draining        Necr           14%        2d7       12%         3
 Yara's Violent Unravell  Hex/Tmut       8%         3d5       24%         5
 Animate Dead             Necr           7%         N/A       38%         4
 Passage of Golubria      Tloc           14%        N/A       38%         4
 Alistair's Intoxication  Tmut/Pois      11%        N/A       67%         5
 Silence                  Hex/Air        7%         N/A       75%         5
 Death Channel            Necr           7%         N/A       99%         6


Dungeon Overview and Level Annotations

Branches:
Dungeon (15/15)            Temple (1/1) D:4            Lair (6/6) D:11
 Shoals (4/4) Lair:2       Spider (3/4) Lair:3        Slime (0/5) Lair:6
    Orc (2/2) D:10            Elf (0/3) Orc:2        Vaults (0/5) D:13
 Depths (0/4) D:15          Sewer (visited)         Volcano (visited)
Gauntlet (visited)

Altars:
Ashenzari
Cheibriados
Dithmenos
Elyvilon
Fedhas
Gozag
Hepliaklqana
Kikubaaqudgha
Makhleb
Nemelex Xobeh
Okawaru
Qazlal
Ru
Sif Muna
Trog
Uskayaw
Vehumet
Wu Jian
Xom
Yredelemnul
Zin
The Shining One
Beogh
Jiyva

Shops:
D:3 ?   D:15 *   Orc:2 ?==[   Shoals:4 *

Portals:
Hell: Lair:6

Annotations:
D:14 Kilet's ghost, adept GrEE


Innate Abilities, Weirdness & Mutations

You are immune to sickness and miasma.
Your stone body is resilient. (AC +13)
You are immune to poison.
Your large and strong wings let you fly.
You resist negative energy. (rN+)
You are resistant to electric shocks. (rElec)
You are resistant to unholy torment.
You are immune to petrification.


Message History

The meliai barely misses you.
The meliai stings you but does no damage.
The meliai calls down the wrath of its god upon you.
Something smites you! The jumping spider pounces on you.
You are caught in a web!
The jumping spider bites you. The ghost moth stares at you.
There is a web here.
As you read the scroll of fear, it crumbles to dust.
You assume a fearsome visage.
The redback looks frightened!
The ghost moth looks frightened!
The meliai looks frightened! x3
The demonic crawler looks frightened! x2; The orb spider looks frightened!
The jumping spider looks frightened! x2; The pharaoh ant is unaffected.
The culicivora looks frightened!
The jumping spider looks frightened!
The jumping spider leaps! x3; The pharaoh ant bites you!
Unknown command.
You struggle to detach yourself from the web.
The pharaoh ant bites you!
You struggle to detach yourself from the web.
The jumping spider leaps!
The pharaoh ant bites you but does no damage.
The jumping spider leaps!
The pharaoh ant closely misses you.
The web tears apart.
The jumping spider leaps!
Cornered, the meliai turns to fight!
You block the pharaoh ant's attack.
The meliai mumbles some strange prayers to its god against you.
Something smites you!
The jumping spider leaps! x2; The pharaoh ant bites you!
* * * LOW HITPOINT WARNING * * *
The meliai mumbles some strange prayers to its god against you.
Something smites you!
* * * LOW HITPOINT WARNING * * *
The pharaoh ant bites you but does no damage.
The meliai hits you but does no damage.
The meliai stings you but does no damage.
The meliai mumbles some strange prayers to its god against you.
Something smites you!
* * * LOW HITPOINT WARNING * * *
The jumping spider leaps!
The meliai mumbles some strange prayers to its god against you.
Something smites you!
You die...

#^.#..#^....# ##^...^..#
#^.##.....### ###.....#
....##..#.# ##...##
..........## ##..#
#.#.......^# #^.##
####.......## ####^.#
#..#^.....#####^.#..#
##........###........##
#}.......###...@..^#..##
#......###
#...B#^##...## #.....##
#.y.##...>...# ##.#.##
##..........## #####
##......#####
###..°##...#
#......#..##
##..s.....##
##.........#


You could see a pharaoh ant, a jumping spider and a meliai.

Vanquished Creatures
  Jorgrun (Spider:2)
  Polyphemus (Shoals:4)
  Agnes (D:14)
  A storm dragon (D:15)
  A ghost moth (Spider:3)
  3 broodmothers
  Azrael (Lair:3)
  A dire elephant (Lair:6)
  An entropy weaver (Lair:3)
  A dire elephant (shapeshifter) (D:15)
  A minotaur (Gauntlet)
  11 merfolk impalers
  An ettin (D:15)
  Josephine (D:11)
  4 merfolk javelineers
  A deep elf high priest (D:15)
  7 vault guards (D:13)
  Erolcha (D:9)
  Harold (D:11)
  12 hydras
  An ogre mage (D:15)
  The ghost of terff the Cleaver, a journeyman DsGl of Jiyva (Spider:1)
  2 catoblepae
  8 boulder beetles
  Erica (D:10)
  3 jorogumos
  4 merfolk avatars
  3 merfolk aquamancers (Shoals:4)
  6 centaur warriors
  3 alligator snapping turtles
  2 satyrs
  8 two-headed ogres
  A deep troll earth mage (D:14)
  2 tengu warriors
  4 death yaks (Shoals:4)
  A death scarab (Gauntlet)
  An orc high priest (Orc:1)
  A sun demon (Lair:6)
  Sonja (D:11)
  Urug (D:11)
  2 sun moths
  A fire crab (Volcano)
  4 steelbarb worms
  A deep troll (D:15)
  A pharaoh ant (Spider:3)
  10 sea snakes
  A spectral hydra (Gauntlet)
  13 orb spiders
  3 wizards
  8 orc knights
  7 harpies
  5 deep elf pyromancers
  A necromancer (D:11)
  2 lindwurms
  2 orc sorcerers
  9 wolf spiders
  An oklob plant (Lair:5)
  23 ugly things
  14 fauns
  11 cyclopes
  17 manticores
  3 moths of wrath
  5 elephants
  8 black mambas
  9 merfolk sirens
  2 torpor snails
  A molten gargoyle (Volcano)
  A smoke demon (Gauntlet)
  12 cane toads
  3 orange demons (Lair:6)
  5 water nymphs
  A gargoyle (D:11)
  4 rime drakes
  2 demonic crawlers
  An efreet (D:14)
  A hellwing (Lair:6)
  12 komodo dragons
  A tengu conjurer (D:15)
  A queen bee (Gauntlet)
  4 polar bears
  2 red devils (Lair:6)
  9 wind drakes
  25 merfolk
  5 trolls
  5 tarantellas
  21 blink frogs
  7 slime creatures
  4 dream sheep (Shoals:3)
  7 snapping turtles
  27 jumping spiders
  A shadow (D:11)
  13 culicivoras
  A vampire (D:12)
  5 wraiths (D:10)
  41 yaks
  7 wyverns
  A human (shapeshifter) (D:8)
  4 basilisks
  8 water elementals
  11 fire bats (Volcano)
  2 steam dragons
  4 fire elementals
  19 redbacks
  14 vampire mosquitoes
  9 wargs
  An acid dragon (D:11)
  17 water moccasins
  Pargi (Sewer)
  9 hell hounds
  An ice beast (D:5)
  A black bear (D:7)
  46 orc warriors
  22 wolves
  6 ogres
  4 boggarts (D:14)
  3 necrophages
  A phantom (D:5)
  14 centaurs
  A kobold brigand (D:5)
  A gnoll sergeant (D:13)
  14 bullfrogs
  4 scorpions
  A water moccasin zombie (D:5)
  16 killer bees
  19 wights
  6 jellies
  5 lava snakes (Volcano)
  3 crimson imps (Gauntlet)
  2 centaur zombies (D:9)
  A gnoll shaman (D:9)
  6 hounds
  2 centaur skeletons
  7 orc priests
  A bullfrog skeleton (D:5)
  An iguana (D:6)
  3 polar bear simulacra (D:11)
  16 orc wizards
  6 hell rats (Lair:6)
  2 yak simulacra (D:11)
  A killer bee zombie (D:6)
  A wolf simulacrum (D:11)
  3 howler monkey zombies
  7 adders
  16 gnolls
  2 shadow imps (D:6)
  A worm (D:11)
  4 dart slugs
  84 orcs
  4 bats
  8 endoplasms
  3 giant cockroaches
  6 goblins
  6 hobgoblins
  14 jackals
  4 quokkas
  3 ball pythons
  5 frilled lizards
  14 kobolds
  A quokka skeleton (D:4)
  8 rats
  5 river rat simulacra (D:11)
1013 creatures vanquished.

Vanquished Creatures (collateral kills)
  Ilsuiw (Shoals:1)
1 creature vanquished.

Vanquished Creatures (others)
  40 fungi
  141 plants
181 creatures vanquished.

Grand Total: 1195 creatures vanquished

Notes
Turn   | Place    | Note
-------+----------+-------------------------------------------
     0 | D:1      | Zeld the Gargoyle Earth Elementalist began the quest for
                  | the Orb.
     0 | D:1      | Reached XP level 1. HP: 10/10 MP: 3/3
   231 | D:1      | Reached XP level 2. HP: 16/16 MP: 1/5
   579 | D:1      | Learned a level 2 spell: Passwall
   870 | D:1      | Reached skill level 4 in Earth Magic
   925 | D:1      | Reached XP level 3. HP: 20/20 MP: 4/6
   929 | D:1      | Learned a level 3 spell: Stone Arrow
  1022 | D:1      | Reached skill level 1 in Fighting
  1022 | D:1      | Reached skill level 1 in Transmutations
  1440 | D:2      | Reached skill level 1 in Armour
  1442 | D:2      | Reached XP level 4. HP: 16/25 MP: 2/7
  1791 | D:2      | Found a faded altar of an unknown god.
  1915 | D:3      | Noticed a necrophage
  1916 | D:3      | Found Etapsaem's Magic Scroll Shop.
  1926 | D:3      | Killed a necrophage
  1927 | D:3      | Reached skill level 1 in Maces & Flails
  1927 | D:3      | Reached skill level 1 in Conjurations
  1927 | D:3      | Reached XP level 5. HP: 12/30 MP: 0/9
  2110 | D:3      | Bought a scroll of identify for 20 gold pieces
  2110 | D:3      | Bought a scroll of identify for 20 gold pieces
  2110 | D:3      | Bought a scroll of identify for 20 gold pieces
  2110 | D:3      | Bought a scroll of identify for 20 gold pieces
  2110 | D:3      | Bought a scroll of magic mapping for 35 gold pieces
  2110 | D:3      | Bought a scroll of fear for 35 gold pieces
  2699 | D:3      | Reached XP level 6. HP: 35/35 MP: 7/10
  2990 | D:3      | Bought a scroll of blinking for 75 gold pieces
  3293 | D:3      | Learned a level 4 spell: Petrify
  3542 | D:4      | Noticed a necrophage
  3546 | D:4      | Killed a necrophage
  3547 | D:4      | Reached skill level 5 in Earth Magic
  3715 | D:4      | Found a staircase to the Ecumenical Temple.
  3727 | Temple   | Entered the Ecumenical Temple
  3764 | Temple   | Became a worshipper of Vehumet
  4437 | D:3      | Bought a scroll of enchant armour for 75 gold pieces
  4471 | D:5      | Entered Level 5 of the Dungeon
  4473 | D:5      | Noticed an ice beast
  4475 | D:5      | Reached XP level 7. HP: 40/40 MP: 1/12
  4657 | D:5      | Found a glowing drain.
  4664 | Sewer    | Entered a sewer
  4745 | Sewer    | Noticed Pargi
  4748 | Sewer    | Killed Pargi
  4990 | D:5      | Reached XP level 8. HP: 46/47 MP: 13/13
  5237 | D:3      | Bought a scroll of enchant armour for 75 gold pieces
  5521 | D:5      | Reached skill level 6 in Earth Magic
  5523 | D:5      | Reached * piety under Vehumet
  5523 | D:5      | Offered knowledge of Foxfire by Vehumet.
  6774 | D:5      | Reached XP level 9. HP: 41/52 MP: 5/15
  7828 | D:6      | Found a sparkling altar of Nemelex Xobeh.
  8053 | D:7      | Noticed a two-headed ogre
  8076 | D:7      | Killed a two-headed ogre
  8077 | D:7      | Reached skill level 5 in Fighting
  8077 | D:7      | Reached skill level 7 in Earth Magic
  8077 | D:7      | Reached skill level 1 in Evocations
  8078 | D:7      | Reached skill level 5 in Spellcasting
  9190 | D:8      | Reached skill level 5 in Maces & Flails
  9759 | D:8      | Reached skill level 5 in Stealth
  9759 | D:8      | Reached XP level 10. HP: 60/60 MP: 7/18
 10081 | D:9      | Offered knowledge of Magic Dart by Vehumet.
 10195 | D:9      | Noticed a two-headed ogre
 10200 | D:9      | Killed a two-headed ogre
 10488 | D:9      | Noticed Erolcha
 10715 | D:9      | Killed Erolcha
 10716 | D:9      | Reached skill level 8 in Earth Magic
 10718 | D:9      | Reached ** piety under Vehumet
 11630 | D:9      | Noticed a two-headed ogre
 11781 | D:9      | Killed a two-headed ogre
 12188 | D:10     | Entered Level 10 of the Dungeon
 12188 | D:10     | Found a staircase to the Orcish Mines.
 12381 | D:10     | Reached XP level 11. HP: 66/66 MP: 14/20
 12522 | D:10     | Noticed a two-headed ogre
 12527 | D:10     | Killed a two-headed ogre
 13236 | D:10     | Noticed Erica
 13243 | D:10     | Killed Erica
 13244 | D:10     | Reached skill level 5 in Armour
 13398 | D:11     | Noticed Josephine
 13398 | D:11     | Noticed a boulder beetle
 13561 | Orc:1    | Entered Level 1 of the Orcish Mines
 13712 | D:10     | Killed a boulder beetle
 13713 | D:10     | Reached skill level 5 in Conjurations
 13713 | D:10     | Reached skill level 9 in Earth Magic
 14436 | D:11     | Killed Josephine
 14501 | D:11     | Noticed a two-headed ogre
 14526 | D:10     | Killed a two-headed ogre
 14715 | D:11     | Noticed a seven-headed hydra
 14720 | D:11     | Killed a seven-headed hydra
 14750 | D:11     | Noticed a boulder beetle
 14784 | D:11     | Noticed a boulder beetle
 15095 | D:10     | Reached skill level 5 in Evocations
 15213 | D:10     | Offered knowledge of Static Discharge by Vehumet.
 15497 | Orc:1    | Noticed an orc knight
 15537 | Orc:1    | Noticed an orc knight
 15551 | Orc:1    | Noticed a death drake
 15551 | Orc:1    | an orc knight changed into a death drake
 15552 | Orc:1    | Noticed a manticore
 15552 | Orc:1    | a death drake changed into a manticore
 15560 | D:10     | Killed a manticore
 15561 | D:10     | Reached XP level 12. HP: 38/73 MP: 5/22
 16200 | D:11     | Found a staircase to the Lair.
 16243 | D:11     | Reached *** piety under Vehumet
 16670 | D:11     | Found the +1 robe of Vines {NoPotionHeal Regen++++}
 16824 | D:11     | Noticed a tengu warrior
 16824 | D:11     | Noticed a four-headed hydra
 16837 | D:11     | Killed a tengu warrior
 17061 | D:11     | Noticed a centaur warrior
 17072 | D:11     | Killed a centaur warrior
 17186 | D:11     | Reached skill level 10 in Earth Magic
 17296 | D:11     | Noticed a boulder beetle
 17627 | D:11     | Noticed Urug
 17801 | D:11     | Offered knowledge of Mephitic Cloud by Vehumet.
 17954 | D:11     | Noticed a fire dragon
 18298 | D:10     | Reached skill level 5 in Dodging
 18683 | Orc:1    | Noticed an orc high priest
 18880 | Orc:1    | Killed an orc high priest
 19503 | Orc:2    | Entered Level 2 of the Orcish Mines
 19914 | Orc:2    | Reached **** piety under Vehumet
 20064 | Orc:2    | Offered knowledge of Fireball by Vehumet.
 20442 | Orc:2    | Found a staircase to the Elven Halls.
 21485 | Orc:1    | Reached XP level 13. HP: 80/80 MP: 4/25
 22296 | Orc:2    | Found Wugir's Jewellery Emporium.
 22296 | Orc:2    | Found Nouck's Antique Armour Shop.
 22337 | Orc:2    | Bought an encrusted leather armour for 161 gold pieces
 22337 | Orc:2    | Identified the +1 leather armour of Greater Demons {rF-
                  | Regen+ Int+5 Dex+4} (You bought it in a shop on level 2 of
                  | the Orcish Mines)
 22484 | Orc:2    | Reached ***** piety under Vehumet
 22813 | Orc:2    | Offered knowledge of Iskenderun's Mystic Blast by Vehumet.
 22979 | Orc:2    | Found Donomn's Magic Scroll Emporium.
 22979 | Orc:2    | Found Ybly's Jewellery Shop.
 22995 | Orc:2    | Bought a scroll of blinking for 105 gold pieces
 22995 | Orc:2    | Bought a scroll of magic mapping for 49 gold pieces
 22995 | Orc:2    | Bought a scroll of identify for 28 gold pieces
 22995 | Orc:2    | Bought a scroll of identify for 28 gold pieces
 22995 | Orc:2    | Bought a scroll of magic mapping for 49 gold pieces
 23101 | Orc:2    | Reached skill level 11 in Earth Magic
 23973 | D:11     | Killed Urug
 24205 | D:11     | Noticed Sonja
 24207 | D:11     | Noticed Harold
 24224 | D:11     | Killed Harold
 24227 | D:11     | Killed Sonja
 24800 | D:11     | Identified the ring "Fev Ilie" {rF+ rCorr Str+4 Int-3 SInv}
 24898 | Lair:1   | Entered Level 1 of the Lair of Beasts
 25155 | Lair:1   | Reached skill level 10 in Fighting
 25852 | Lair:2   | Found a dark tunnel.
 25860 | Volcano  | Entered a volcano
 26291 | Volcano  | Found a bloodstained altar of Trog.
 26305 | Volcano  | Gained mutation: Your large and strong wings let you fly.
                  | [Gargoyle growth]
 26305 | Volcano  | Reached XP level 14. HP: 56/88 MP: 1/26
 26794 | Lair:2   | Found a staircase to the Shoals.
 27899 | Shoals:1 | Entered Level 1 of the Shoals
 27941 | Lair:3   | Found a hole to the Spider Nest.
 27972 | Lair:3   | Found a gate leading to a gauntlet.
 27989 | Gauntlet | Entered a Gauntlet
 27989 | Gauntlet | Found a transporter.
 27989 | Gauntlet | Found a transporter.
 27989 | Gauntlet | Found a transporter.
 28008 | Gauntlet | Noticed an entropy weaver
 28008 | Gauntlet | a boulder beetle changed into an entropy weaver
 28014 | Gauntlet | an entropy weaver changed into a jorogumo
 28016 | Gauntlet | Noticed a ghost moth
 28016 | Gauntlet | a jorogumo changed into a ghost moth
 28019 | Gauntlet | a ghost moth changed into a jorogumo
 28020 | Gauntlet | Noticed a quicksilver ooze
 28020 | Gauntlet | a jorogumo changed into a quicksilver ooze
 28030 | Gauntlet | a quicksilver ooze changed into a boulder beetle
 28112 | Gauntlet | Found a transporter.
 28123 | Gauntlet | Found a transporter.
 28126 | Gauntlet | Found a transporter.
 28130 | Gauntlet | Found a large runed translucent door.
 28131 | Gauntlet | Found a large runed translucent door.
 28132 | Gauntlet | Found a large runed translucent door.
 28132 | Gauntlet | Found a large runed translucent door.
 28132 | Gauntlet | Found a runed translucent door.
 28147 | Gauntlet | Found a transporter.
 28168 | Gauntlet | Found a transporter.
 28187 | Gauntlet | Found a transporter.
 28191 | Gauntlet | Found a large runed translucent door.
 28192 | Gauntlet | Found a large runed translucent door.
 28193 | Gauntlet | Found a large runed translucent door.
 28193 | Gauntlet | Found a large runed translucent door.
 28194 | Gauntlet | Found a runed translucent gate.
 28195 | Gauntlet | Found a transporter.
 28195 | Gauntlet | Found a runed translucent gate.
 28196 | Gauntlet | Found a runed translucent gate.
 28197 | Gauntlet | Found a large runed translucent door.
 28197 | Gauntlet | Found a large runed translucent door.
 28198 | Gauntlet | Found a large runed translucent door.
 28199 | Gauntlet | Found a large runed translucent door.
 28208 | Gauntlet | Found a large runed translucent door.
 28208 | Gauntlet | Found a large runed translucent door.
 28208 | Gauntlet | Found a runed translucent door.
 28209 | Gauntlet | Found a large runed translucent door.
 28210 | Gauntlet | Found a large runed translucent door.
 28212 | Gauntlet | Found a transporter.
 28264 | Gauntlet | Found a transporter.
 29495 | Gauntlet | Reached skill level 12 in Earth Magic
 30331 | Lair:3   | Learned a level 5 spell: Borgnjor's Vile Clutch
 33065 | Lair:4   | Found a runed translucent door.
 33326 | Lair:5   | Found a shadowy altar of Dithmenos.
 33680 | Lair:5   | Reached skill level 10 in Maces & Flails
 34172 | Lair:5   | Offered knowledge of Lee's Rapid Deconstruction by Vehumet.
 34179 | Lair:5   | Learned a level 5 spell: Lee's Rapid Deconstruction
 35099 | Lair:5   | Reached XP level 15. HP: 92/95 MP: 16/28
 35164 | Lair:5   | Identified the +0 chain mail of Weirdness {-Tele Rampage
                  | rN++ Int+3}
 35198 | Lair:6   | Entered Level 6 of the Lair of Beasts
 36922 | Lair:6   | Found a staircase to the Slime Pits.
 36922 | Lair:6   | Found a viscous altar of Jiyva.
 37325 | Lair:6   | Reached skill level 13 in Earth Magic
 37441 | Lair:6   | Reached skill level 10 in Spellcasting
 37466 | Lair:6   | Found a burning altar of Makhleb.
 37662 | Lair:6   | Offered knowledge of Lightning Bolt by Vehumet.
 37756 | Lair:6   | Found a gateway to Hell.
 37766 | Lair:6   | Identified the +5 quarterstaff of Checks and Balances
                  | {holy, rPois Will++ Int+3 Dex-2}
 39312 | D:13     | Found a glowing golden altar of the Shining One.
 39658 | D:13     | Found a gate to the Vaults.
 40574 | D:14     | Found an ancient bone altar of Kikubaaqudgha.
 40981 | D:14     | Reached XP level 16. HP: 96/101 MP: 9/30
 41431 | D:14     | Found a runed translucent door.
 41433 | D:14     | Noticed Kilet's ghost (adept GrEE)
 41433 | D:14     | Found the +9 staff of Wucad Mu {*channel}
 41656 | D:14     | Noticed Agnes
 41669 | D:14     | Killed Agnes
 42409 | D:15     | Entered Level 15 of the Dungeon
 42417 | D:14     | Reached ****** piety under Vehumet
 42744 | D:14     | Offered knowledge of Iron Shot by Vehumet.
 42755 | D:14     | Learned a level 6 spell: Iron Shot
 43056 | D:15     | Found Xocutoul's General Store.
 43136 | D:15     | Bought a wand of flame (8) for 55 gold pieces
 43136 | D:15     | Bought a wand of iceblast (5) for 99 gold pieces
 43136 | D:15     | Bought a wand of flame (10) for 66 gold pieces
 43136 | D:15     | Bought a wand of mindburst (2) for 66 gold pieces
 43136 | D:15     | Bought a scroll of enchant armour for 82 gold pieces
 43136 | D:15     | Bought 8 stones for 8 gold pieces
 43191 | D:15     | Reached skill level 10 in Stealth
 43928 | D:15     | Found a staircase to the Depths.
 44139 | D:15     | Noticed a storm dragon
 44343 | D:15     | Killed a storm dragon
 44700 | D:14     | Reached skill level 14 in Earth Magic
 45122 | D:14     | Found an ancient bone altar of Kikubaaqudgha.
 46507 | Shoals:1 | Learned a level 8 spell: Lehudib's Crystal Spear
 47947 | Shoals:2 | Noticed Ilsuiw
 48779 | Shoals:1 | Killed Ilsuiw
 49049 | Shoals:1 | Reached skill level 10 in Evocations
 49319 | Shoals:2 | Reached XP level 17. HP: 87/108 MP: 5/32
 53436 | Shoals:3 | Offered knowledge of Yara's Violent Unravelling by Vehumet.
 53612 | Shoals:4 | Entered Level 4 of the Shoals
 53774 | Shoals:4 | Found Kuong's Gadget Gallery.
 53778 | Shoals:4 | Bought a wand of paralysis (2) for 68 gold pieces
 53778 | Shoals:4 | Bought a wand of polymorph (4) for 102 gold pieces
 53778 | Shoals:4 | Bought a wand of charming (7) for 153 gold pieces
 53778 | Shoals:4 | Bought a wand of iceblast (7) for 187 gold pieces
 53778 | Shoals:4 | Bought a wand of polymorph (5) for 119 gold pieces
 53778 | Shoals:4 | Bought a wand of digging (6) for 340 gold pieces
 53778 | Shoals:4 | Bought a phantom mirror for 680 gold pieces
 55987 | Shoals:4 | Got Veumn's Compendium of Shifting Execration
 56124 | Shoals:4 | Reached skill level 15 in Earth Magic
 56760 | Shoals:4 | Offered knowledge of Eringya's Noxious Bog by Vehumet.
 57311 | Shoals:4 | Reached skill level 10 in Armour
 57676 | Shoals:4 | Noticed Polyphemus
 57739 | Shoals:4 | Killed Polyphemus
 58115 | Shoals:4 | Got a barnacled rune of Zot
 58221 | Spider:1 | Entered Level 1 of the Spider Nest
 58802 | Lair:3   | Reached XP level 18. HP: 90/115 MP: 4/33
 59699 | Spider:1 | Found a runed translucent gate.
 59699 | Spider:1 | Found a runed translucent gate.
 59699 | Spider:1 | Found a runed translucent gate.
 60186 | Lair:3   | Reached skill level 10 in Conjurations
 60698 | Spider:1 | Noticed Azrael
 60941 | Lair:3   | Killed Azrael
 61408 | Spider:1 | Noticed terff's ghost (journeyman DsGl)
 61419 | Spider:1 | Killed terff's ghost
 63623 | Spider:2 | Noticed Jorgrun
 63630 | Spider:2 | Killed Jorgrun
 65710 | Spider:3 | Killed from afar by a meliai

Illustrated notes

Levels and vault maps discovered:
D:1:      nzn_arrival_settlement, layout_basic, serial_bayou_lagoon_a
D:2:      layout_rooms, dilly_ecumenical_altar_fadedgnrine
D:3:      layout_basic, serial_shops, nicolae_shop_advertising_works
          [nicolae_subvault_shop_adworks]
D:4:      layout_cave_pools, minmay_temple_entry_junction
D:5:      layout_loops_cross, portal_sewer_entry_e, amcnicky_mini_pool_small,
          grunt_ministairs_14
D:6:      layout_loops_corners, mainiacjoe_overflow_paths,
          minmay_misc_feat_doors
D:7:      layout_rooms
D:8:      layout_basic
D:9:      layout_roguey, minmay_misc_feat_iff, nrook_campfire, uniq_erolcha
D:10:     layout_gridville, orc_0_dummy, uniq_erica
D:11:     minmay_the_grid_net [minmay_the_grid_stretched_grid,
          minmay_the_grid_armoury, minmay_the_grid_spikes,
          minmay_the_grid_small_cups, minmay_the_grid_dragon_b,
          minmay_the_grid_prize_shrinking_boxes], layout_layer_cave,
          erik_lair_orcish_takeover, eino_house_with_fridge, uniq_josephine,
          uniq_harold, uniq_sonja, uniq_urug
D:12:     layout_small_grid
D:13:     layout_loops_ring, erik_vaults_2, tso_metal_star
D:14:     layout_loops_corners, kiku_gazebo_garden_becter,
          ebering_ghost_inner_flame, uniq_agnes
D:15:     hangedman_depths_entry_civil_slaughter, layout_small_grid,
          hangedman_abyss_or_decor_stabs, serial_shops, shop_statue,
          minmay_radiant
Temple:   minmay_crystal_snake_temple
Lair:1:   layout_regular_city
Lair:2:   layout_gridlike, minmay_shoals_entry_centaurs,
          lightli_volcano_entry_magma_tube
Lair:3:   beast_lair_carwin_large_4, layout_regular_city, spider_nest_entry_a,
          gauntlet_entry_generic
Lair:4:   layout_roguey, pf_torpor_hydra
Lair:5:   layout_gridlike, lemuel_oklob_altar, grunt_megastairs_1
Lair:6:   evil_forest, layout_regular_city, slime_altar_1,
          nicolae_quartered_pool_impasse
Shoals:1: layout_shoals
Shoals:2: layout_shoals, uniq_ilsuiw
Shoals:3: layout_shoals
Shoals:4: shoals_end_simple, layout_shoals, shoals_ilsuiw_alternative,
          nicolae_shoals_seven_spires, nicolae_shop_gadgets, uniq_polyphemus
Spider:1: layout_chambers, ebering_ghost_rock_garden,
          hangedman_spider_tarantella_strand, uniq_azrael
Spider:2: layout_spider_delve, uniq_jorgrun
Spider:3: layout_spider_delve, nicolae_spider_nooks_and_crannies
Orc:1:    layout_diamond_mine
Orc:2:    st_orc_town, layout_caves, statue_in_the_mist_lemuel,
          nicolae_orc_pool_cavern, mines2_david

Skill      XL: |  1  2  3  4  5  6  7  8  9 10 11 12 13 14 15 16 17 18 |
---------------+-------------------------------------------------------+-----
Earth Magic    | 4 5 6 7 8 9 10 11 12 13 14 15 | 15.3
Fighting       | 1 2 3 4 5 6 8 9 10 11 12 13 14 | 14.3
Transmutations | 1 |  1.0
Armour         | 1 2 3 4 5 6 7 8 9 10 | 10.0
Dodging        | 2 3 4 5 6 7 8 |  8.1
Maces & Flails | 1 2 3 4 5 6 7 8 9 10 11 12 13 | 13.1
Conjurations   | 1 2 3 4 5 6 7 8 9 10 | 10.0
Spellcasting   | 3 4 5 6 7 8 9 10 11 12 | 12.4
Stealth        | 3 4 5 6 7 8 9 10 11 | 11.6
Evocations     | 2 3 5 6 7 8 9 10 11 | 11.4

Action                   |  1- 3 |  4- 6 |  7- 9 | 10-12 | 13-15 | 16-18 || total
-------------------------+-------+-------+-------+-------+-------+-------++-------
Melee: Unarmed           |    20 |       |       |       |       |       ||    20
       Mace              |     9 |   137 |    64 |   119 |    18 |       ||   347
       Punch             |       |     1 |     1 |     2 |     2 |    10 ||    16
       Morningstar       |       |       |       |       |   402 |   443 ||   845
 Cast: Sandblast         |    43 |    15 |    18 |    32 |    37 |    28 ||   173
       Stone Arrow       |       |    13 |    96 |   408 |   723 |   287 ||  1527
       Petrify           |       |       |       |     1 |       |       ||     1
       Borgnjor's Vile C |       |       |       |       |     7 |     1 ||     8
       Lee's Rapid Decon |       |       |       |       |    32 |    10 ||    42
       Iron Shot         |       |       |       |       |       |   471 ||   471
       Lehudib's Crystal |       |       |       |       |       |     3 ||     3
Evoke: Wand              |       |       |    11 |    13 |       |    14 ||    38
       Box of beasts     |       |       |       |       |     1 |     1 ||     2
       Condenser vane    |       |       |       |       |     1 |     1 ||     2
       Lightning rod     |       |       |       |       |       |     5 ||     5
  Use: Scroll            |       |     7 |     7 |     9 |    16 |    14 ||    53
       Potion            |       |       |     2 |     1 |       |       ||     3
 Stab: Sleeping          |       |     5 |     2 |       |     1 |       ||     8
       Distracted        |       |       |       |       |     1 |     1 ||     2
Armor: Robe              |    15 |    88 |    73 |   179 |   449 |   627 ||  1431
Dodge: Dodged            |    41 |   151 |    98 |   260 |   546 |   638 ||  1734
Block: Other             |     5 |    59 |    39 |    91 |   186 |   213 ||   593
       Reflection        |       |     1 |       |     2 |     3 |    19 ||    25
